 Dungeon Crawl Stone Soup version 0.20.1-1-g8b1a95d (webtiles) character file.

3157 equalderp2856 the Cleaver (level 9, -8/79 HPs)
             Began as a Minotaur Fighter on Aug 28, 2017.
             Mangled by torrenera's ghost (28 damage)
             ... on level 8 of the Dungeon.
             The game lasted 00:17:40 (7691 turns).

equalderp2856 the Cleaver (Minotaur Fighter)        Turns: 7691, Time: 00:17:41

Health: -8/79      AC: 12    Str: 20    XL:     9   Next: 62%
Magic:  17/17      EV: 22    Int:  6    God:
Gold:   159        SH:  0    Dex: 17    Spells: 8/8 levels left

rFire    . . .     SeeInvis .   (weapon currently unavailable)
rCold    . . .     Gourm    .   (shield currently unavailable)
rNeg     + + +     Faith    .   (armour currently unavailable)
rPois    +         Spirit   .   (helmet currently unavailable)
rElec    .         Reflect  .   (cloak currently unavailable)
rCorr    .         Harm     .   (gloves currently unavailable)
MR       .....                  (boots currently unavailable)
Stlth    ++........             (no amulet)
Regen    0.3/turn               y - ring of Doubts {rPois MP+9 Dex+4}
MPRegen  0.2/turn               e - ring of wizardry

@: fungus-form (expiring)
A: (retaliatory headbutt)
a: no special abilities


You were on level 8 of the Dungeon.
You were near starving.
You were a sentient fungus.
You visited 2 branches of the dungeon, and saw 9 of its levels.

You collected 345 gold pieces.
You spent 186 gold pieces at shops.

Inventory:

Hand Weapons
 a - a +0 war axe (melded)
Armour
 b - a +0 scale mail (melded)
 c - a +0 shield (melded)
 m - a +0 pair of gloves (melded)
Jewellery
 e - a ring of wizardry (right hypha)
 l - an uncursed ring of see invisible {unknown}
 y - the ring of Doubts (left hypha) {rPois MP+9 Dex+4}
   (You bought it in a shop on level 5 of the Dungeon)

   [ring of poison resistance]

   It affects your dexterity (+4).
   It protects you from poison.
   It affects your magic capacity (+9).
Wands
 p - a wand of paralysis (14/24)
Scrolls
 g - 6 scrolls of teleportation
 i - 4 scrolls of fear
 j - 3 scrolls of recharging
 k - a scroll of enchant weapon {unknown}
 o - a scroll of fog {unknown}
 q - a scroll of blinking {unknown}
 u - a scroll of random uselessness {unknown}
 w - 3 scrolls of remove curse
 A - 8 scrolls of identify
 C - a scroll of amnesia
 D - a scroll of enchant armour {unknown}
Potions
 d - 4 potions of might
 h - a potion of invisibility
 n - a potion of curing
 r - a potion of haste {unknown}
 s - a potion of berserk rage {unknown}
 t - a potion of lignification
 v - a potion of brilliance
 x - a potion of heal wounds
 B - a potion of resistance {unknown}
Books
 E - a book of Cantrips

   Spells                             Type                      Level
   a - Confusing Touch                Hexes                        1
   b - Animate Skeleton               Necromancy                   1
   c - Summon Small Mammal            Summoning                    1
   d - Apportation                    Translocation                1
Comestibles
 f - 6 bread rations
 z - 3 meat rations
 F - a royal jelly
 H - a fruit


   Skills:
 + Level 7.2 Fighting
 + Level 10.2 Axes
 + Level 8.0 Armour
 + Level 4.3 Dodging
 + Level 1.2 Stealth
 + Level 7.5 Shields


You had 8 spell levels left.
You didn't know any spells.

Dungeon Overview and Level Annotations

Branches:
Dungeon (8/15)             Temple (1/1) D:5
   Lair: D:8-11

Altars:
Ashenzari
Cheibriados
Dithmenos
Elyvilon
Fedhas
Gozag
Hepliaklqana
Kikubaaqudgha
Nemelex Xobeh
Okawaru
Qazlal
Ru
Sif Muna
Trog
Vehumet
Xom
Yredelemnul
Zin
The Shining One

Shops:
D:5 *

Annotations:
D:8 torrenera's ghost, novice DsFi


Innate Abilities, Weirdness & Mutations

((You reflexively headbutt those who attack you in melee.))
((You have a pair of horns on your head.))


Message History

You release spores at torrenera's ghost but do no damage.
Torrenera's ghost is almost destroyed.
Your transformation is almost over.
Torrenera's ghost hits you!!
* * * LOW HITPOINT WARNING * * *
It was a potion of heal wounds.
You feel much better.
Torrenera's ghost hits you but does no damage.
You release spores at torrenera's ghost but do no damage.
Torrenera's ghost is severely damaged.
Torrenera's ghost hits you!
You release spores at torrenera's ghost.
Torrenera's ghost is almost destroyed.
You release spores at torrenera's ghost.
Torrenera's ghost is almost destroyed.
Torrenera's ghost hits you!
* * * LOW HITPOINT WARNING * * *
You release spores at torrenera's ghost!
Torrenera's ghost is almost destroyed.
Torrenera's ghost hits you!!
You die...

............# ###...#
#..##..#'#..###...###
#..##.((_'..#...###
##..##.(#)#..#.###
###..##..........#
#####..K..KK......############
..##.....
..#####.###..#########...........
###.# ##..## #......>.... #...#
##..## ##.......... ##.### ##..#
##...##...# ##..# ##.# ##########
#.†## #####.# ###.#######.....##
.................###


You could see a big kobold and torrenera's ghost.

Vanquished Creatures
  2 hippogriffs (D:7)
  A hungry ghost (D:7)
  A water moccasin (D:8)
  Duvessa (D:7)
  A hornet zombie (D:6)
  An ice beast (D:7)
  A sky beast (D:8)
  2 black bears (D:7)
  2 centaurs
  2 ogres
  A big kobold (D:7)
  3 bullfrogs
  Dowan (D:7)
  3 scorpions
  A water moccasin skeleton (D:5)
  3 killer bees (D:7)
  The ghost of BGT the Skirmisher, a weakling DsCK of Xom (D:3)
  4 wights
  3 crimson imps
  2 bullfrog zombies
  3 hounds
  2 orc wizards
  An orc priest (D:6)
  2 bullfrog skeletons (D:5)
  A jelly (D:8)
  A centaur skeleton (D:8)
  5 worker ants
  A worker ant zombie (D:7)
  A howler monkey skeleton (D:4)
  8 adders
  4 shadow imps
  An ooze (D:7)
  An adder skeleton (D:8)
  7 worms
  5 leopard geckos
  20 orcs
  3 ball pythons
  7 giant cockroaches
  2 goblins
  4 hobgoblins
  4 jackals
  10 kobolds
  4 quokkas
  A ball python skeleton (D:4)
  13 bats
  3 frilled lizards
  A jackal zombie (D:5)
  12 rats
163 creatures vanquished.

Vanquished Creatures (others)
  A goblin (D:3)
1 creature vanquished.

Grand Total: 164 creatures vanquished

Notes
Turn   | Place    | Note
-------+----------+-------------------------------------------
     0 | D:1      | equalderp2856 the Minotaur Fighter began the quest for the Orb.
     0 | D:1      | Reached XP level 1. HP: 19/19 MP: 0/0
   118 | D:1      | Reached XP level 2. HP: 27/27 MP: 1/1
   533 | D:2      | Reached skill level 3 in Axes
   575 | D:2      | Reached XP level 3. HP: 25/33 MP: 2/2
   810 | D:2      | Reached XP level 4. HP: 38/40 MP: 3/3
  1075 | D:3      | Reached skill level 4 in Axes
  1469 | D:3      | Noticed BGT's ghost (weakling DsCK)
  1519 | D:3      | Killed BGT's ghost
  1519 | D:3      | Reached skill level 1 in Dodging
  1519 | D:3      | Reached XP level 5. HP: 23/47 MP: 4/4
  1989 | D:3      | Found an opulent altar of Gozag.
  1991 | D:3      | Found a blossoming altar of Fedhas.
  1991 | D:3      | Found an ancient bone altar of Kikubaaqudgha.
  1995 | D:3      | Found a hazy altar of Hepliaklqana.
  1995 | D:3      | Found a shimmering altar of Xom.
  1995 | D:3      | Found a blossoming altar of Fedhas.
  2612 | D:4      | Reached skill level 5 in Axes
  2612 | D:4      | Reached XP level 6. HP: 50/55 MP: 5/5
  2862 | D:5      | Entered Level 5 of the Dungeon
  2957 | D:5      | Found a staircase to the Ecumenical Temple.
  2965 | Temple   | Entered the Ecumenical Temple
  3169 | D:5      | Found Kag Kisch's Assorted Antiques.
  3363 | D:5      | Reached skill level 5 in Fighting
  3363 | D:5      | Reached skill level 5 in Armour
  3505 | D:5      | Bought a scroll labeled GEINYS ETIUGI for 27 gold pieces
  3508 | D:5      | Bought a fuming brown potion for 24 gold pieces
  3536 | D:5      | Reached skill level 5 in Shields
  3657 | D:5      | Reached skill level 6 in Axes
  3702 | D:5      | Found a shattered altar of Ashenzari.
  3702 | D:5      | Found a blossoming altar of Fedhas.
  3865 | D:5      | Reached XP level 7. HP: 56/61 MP: 6/6
  4530 | D:5      | Bought a smoking copper ring for 135 gold pieces
  4533 | D:5      | Identified the ring of Doubts {rPois MP+9 Dex+4} (You bought it in a shop on level 5 of the Dungeon)
  4691 | D:6      | Found a snail-covered altar of Cheibriados.
  4867 | D:6      | Reached skill level 7 in Axes
  4914 | D:6      | Found a snail-covered altar of Cheibriados.
  5039 | D:6      | Reached XP level 8. HP: 11/70 MP: 7/7
  6007 | D:7      | Noticed a hippogriff
  6022 | D:7      | Killed a hippogriff
  6117 | D:7      | Reached skill level 8 in Axes
  6406 | D:7      | Noticed a hippogriff
  6421 | D:7      | Killed a hippogriff
  6451 | D:7      | Noticed Duvessa
  6451 | D:7      | Noticed Dowan
  6464 | D:7      | Killed Duvessa
  6487 | D:7      | Reached skill level 9 in Axes
  6487 | D:7      | Reached XP level 9. HP: 67/78 MP: 8/8
  6490 | D:7      | Killed Dowan
  6490 | D:7      | Reached skill level 1 in Stealth
  7337 | D:8      | Reached skill level 10 in Axes
  7369 | D:8      | Found a sparkling altar of Nemelex Xobeh.
  7455 | D:8      | Noticed torrenera's ghost (novice DsFi)
  7458 | D:8      | Found a glowing golden altar of the Shining One.
  7691 | D:8      | Mangled by torrenera's ghost

Skill      XL: |  1  2  3  4  5  6  7  8  9 |
---------------+----------------------------+-----
Fighting       | 4 5 6 7 |  7.2
Axes           | 3 4 5 6 7 9 10 | 10.2
Shields        | 4 5 6 7 |  7.5
Armour         | 4 5 7 8 |  8.0
Dodging        | 1 2 3 4 |  4.3
Stealth        | 1 |  1.2

Action                   |  1- 3 |  4- 6 |  7- 9 || total
-------------------------+-------+-------+-------++-------
Melee: War axe           |    77 |   152 |   306 ||   535
       Headbutt          |     9 |    31 |    75 ||   115
       Unarmed           |       |       |    10 ||    10
  Use: Scroll            |       |     7 |       ||     7
       Potion            |       |       |     3 ||     3
  Eat: Chunk             |       |     9 |    11 ||    20
       Royal jelly       |       |       |     1 ||     1
Armor: Scale mail        |    40 |    62 |    92 ||   194
       Skin              |       |       |     4 ||     4
Dodge: Dodged            |    25 |    43 |   104 ||   172
Block: Shield            |    42 |    94 |   187 ||   323
